 Dungeon Crawl Stone Soup version 0.30-a0-627-gc11e7ae810 (webtiles) character file.

Game seed: 5003542400396712836

259 Errthou the Chopper (level 5, -6/45 HPs)
             Began as a Minotaur Fighter on Jan 12, 2023.
             Succumbed to Eustachio's poison
             ... on level 4 of the Dungeon.
             The game lasted 00:12:00 (3622 turns).

Errthou the Chopper (Minotaur Fighter)              Turns: 3622, Time: 00:12:01

Health: -6/45      AC:  8    Str: 34    XL:     5   Next: 94%
Magic:  4/4        EV:  9    Int:  5    God:
Gold:   168        SH:  4    Dex: 10    Spells: 4/4 levels left

rFire   . . .      SeeInvis .    a - +0 war axe
rCold   . . .      Faith    .    c - +0 buckler
rNeg    . . .      Spirit   .    b - +0 scale mail
rPois   .          Reflect  .    (helmet restricted)
rElec   .          Harm     .    m - +0 cloak
rCorr   .          Rampage  .    (no gloves)
Will    .....                    (no boots) Stlth
                                 (no amulet)
HPRegen 0.27/turn                v - +6 ring of strength
MPRegen 0.09/turn                y - +6 ring of strength

@: lethally poisoned (-6 -> -34)
A: horns 2, retaliatory headbutt
a: no special abilities


You were on level 4 of the Dungeon.
You visited 2 branches of the dungeon, and saw 5 of its levels.

You collected 168 gold pieces.

Inventory:

Hand Weapons
 a - a +0 war axe (weapon)
Missiles
 n - 2 silver boomerangs
 p - 7 poisoned darts
 u - a throwing net (quivered)
 x - 15 stones
Armour
 b - a +0 scale mail (worn)
 c - a +0 buckler (worn)
 m - a +0 cloak (worn)
Jewellery
 v - a +6 ring of strength (left hand)
 y - a +6 ring of strength (right hand)
Wands
 r - a wand of flame (10)
 t - a wand of charming (7)
Scrolls
 e - a scroll of fear {unknown}
 g - a scroll of brand weapon {unknown}
 h - 3 scrolls of teleportation
 i - 5 scrolls of identify {unknown}
 k - a scroll of poison {unknown}
 q - a scroll of noise {unknown}
 w - 2 scrolls of amnesia {unknown}
Potions
 d - a potion of flight {unknown}
 f - a potion of curing {unknown}
 j - 2 potions of magic {unknown}
 l - 2 potions of berserk rage {unknown}
 o - 2 potions of invisibility
 s - a potion of haste {unknown}
 z - a potion of lignification {unknown}
 A - a potion of brilliance


   Skills:
 - Level 3.6 Fighting
 * Level 6.8 Axes
 + Level 2.4 Throwing
 - Level 3.6 Armour
 - Level 3.6 Shields


You had 4 spell levels left.
You didn't know any spells.
Your spell library contained the following spells:

 Spells                   Type           Power      Damage    Failure   Level
 Sandblast                Erth           0%         2d4       78%         1
 Slow                     Hex            0%         N/A       78%         1
 Passwall                 Tmut/Erth      0%         N/A       89%         2
 Confusing Touch          Hex            0%         N/A       98%         3
 Dazzling Flash           Conj/Hex       0%         N/A       98%         3
 Stone Arrow              Conj/Erth      0%         3d7       98%         3
 Vampiric Draining        Necr           0%         2d6       98%         3
 Iskenderun's Mystic Bla  Conj/Tloc      0%         2d3       100%        4
 Agony                    Necr           0%         N/A       100%        5
 Silence                  Hex/Air        0%         N/A       100%        5
 Starburst                Conj/Fire      0%         6d3       100%        6


Dungeon Overview and Level Annotations

Branches:
Dungeon (4/15)             Temple (1/1) D:4

Altars:
Ashenzari
Dithmenos
Fedhas
Hepliaklqana
Kikubaaqudgha
Makhleb
Nemelex Xobeh
Qazlal
Sif Muna
Trog
Uskayaw
Vehumet
Wu Jian
Xom
Yredelemnul
Zin


Innate Abilities, Weirdness & Mutations

You have a pair of horns on your head.
You reflexively headbutt those who attack you in melee.


Message History

The bat's corpse disappears in a puff of smoke!
Eustachio hits you with a +2 rapier of venom!
You are poisoned.
You hit Eustachio but do no damage.
Eustachio is moderately wounded.
You feel very sick. Eustachio closely misses you.
You hit Eustachio. Your headbutt misses Eustachio.
Eustachio is moderately wounded.
You feel very sick.
Eustachio hits you with a +2 rapier of venom.
You are more poisoned.
Eustachio hits you with a +2 rapier of venom.
You closely miss Eustachio.
Eustachio is moderately wounded.
You feel very sick. Eustachio barely misses you. You furiously retaliate!
You headbutt Eustachio. You slash Eustachio! Your headbutt misses Eustachio.
Eustachio is almost dead.
You feel very sick. Eustachio hits you but does no damage.
You are more poisoned.
You closely miss Eustachio. Your headbutt misses Eustachio.
Eustachio is almost dead.
You feel very sick.
Eustachio hits you with a +2 rapier of venom.
* * * LOW HITPOINT WARNING * * *
You hit Eustachio.
Eustachio is almost dead.
* * * LOW HITPOINT WARNING * * *
You feel very sick.
Eustachio hits you with a +2 rapier of venom.
* * * LOW HITPOINT WARNING * * *
You are more poisoned.
Eustachio hits you with a +2 rapier of venom.
* * * LOW HITPOINT WARNING * * *
You are more poisoned.
You slash Eustachio!
You kill Eustachio!
You die...

###.#...### #S# #.###.#
#.# #.# #.# #.# # #.#
#<. ...###.####
######.###### #.........
#........# ##........
#........#######.......@
#.......................
#......@.#####....###...
######)### #.#.# ....
#.#######.... ...>.
#..................
#.##....#.###
#.....###..# ........
.... .......... ###
...........##


There were no monsters in sight!

Vanquished Creatures
  Eustachio (D:4)
  A black bear (D:2)
  Ijyb (D:3)
  An orc wizard (D:3)
  3 adders
  3 worms
  3 dart slugs
  3 orcs (D:3)
  6 endoplasms
  2 giant cockroaches
  5 goblins
  6 hobgoblins
  2 jackals (D:3)
  6 kobolds
  4 quokkas
  9 ball pythons
  7 bats
  12 frilled lizards
  5 rats
80 creatures vanquished.

Vanquished Creatures (others)
  8 plants (D:3)
8 creatures vanquished.

Grand Total: 88 creatures vanquished

Notes
Turn   | Place    | Note
-------+----------+-------------------------------------------
     0 | D:1      | Errthou the Minotaur Fighter began the quest for the Orb.
     0 | D:1      | Reached XP level 1. HP: 19/19 MP: 0/0
    43 | D:1      | Reached skill level 3 in Axes
   221 | D:1      | Reached XP level 2. HP: 26/26 MP: 1/1
   469 | D:1      | Reached skill level 4 in Axes
   570 | D:2      | Reached XP level 3. HP: 30/31 MP: 2/2
   697 | D:2      | Noticed a black bear
   710 | D:2      | Killed a black bear
   711 | D:2      | Reached skill level 5 in Axes
   711 | D:2      | Reached skill level 1 in Throwing
   711 | D:2      | Reached XP level 4. HP: 26/39 MP: 3/3
   798 | D:2      | Reached XP level 5. HP: 45/45 MP: 4/4
  1332 | D:3      | Reached skill level 6 in Axes
  1409 | D:3      | Found a bloodstained altar of Trog.
  1456 | D:3      | Found a hide-covered altar of Uskayaw.
  1680 | D:3      | Noticed Ijyb
  2012 | D:3      | Found a shadowy altar of Dithmenos.
  2578 | D:3      | Killed Ijyb
  2882 | D:4      | Noticed Eustachio
  3163 | D:4      | Found a staircase to the Ecumenical Temple.
  3235 | Temple   | Entered the Ecumenical Temple
  3621 | D:4      | HP: 1/45 [Eustachio/+2 rapier of venom (2)]
  3622 | D:4      | Killed Eustachio
  3622 | D:4      | Succumbed to Eustachio's poison

Illustrated notes

Levels and vault maps discovered:
D:1:      amcnicky_arrival_gap_in_the_tavern_cellar, layout_rooms
D:2:      layout_loops_ring, roderic_lattice_a, minmay_misc_feat_doors
D:3:      layout_basic, mainiacjoe_overflow_big_doors,
          nicolae_dithmenos_through_a_glass_darkly, minmay_lizard_king,
          uniq_ijyb
D:4:      layout_rooms, minmay_temple_entry_large_hall, minmay_misc_feat_x,
          kennysheep_another_room, kennysheep_generic_room_12, uniq_eustachio
Temple:   oiseaux_autumnal_temple

Skill      XL: |  1  2  3  4  5 |
---------------+----------------+-----
Axes           | 3 4 5 6 |  6.8
Throwing       | 1 2 |  2.4
Fighting       | |  3.6
Armour         | |  3.6
Shields        | |  3.6

Action                   |  1- 3 |  4- 6 || total
-------------------------+-------+-------++-------
Melee: War axe           |    72 |   100 ||   172
       Headbutt          |     7 |    18 ||    25
Throw: Stone             |    21 |     4 ||    25
       Dart              |       |    15 ||    15
       Boomerang         |       |    11 ||    11
       Throwing net      |       |     1 ||     1
Evoke: Wand              |       |     3 ||     3
  Use: Potion            |     1 |       ||     1
       Scroll            |       |     1 ||     1
Armor: Scale mail        |    34 |    28 ||    62
Dodge: Dodged            |    49 |    46 ||    95
Block: Buckler           |    26 |    14 ||    40

Table legend: (Time is in decaauts)
 A = Elapsed time spent in this place.
 B = Non-inter-level travel time spent in this place.
 C = Inter-level travel time spent in this place.
 D = Time resting spent in this place.
 E = Time spent auto-exploring this place.
 F = Levels seen in this place.
 G = Mean time per level.
                   A        B        C        D        E       F      G
               +--------+--------+--------+--------+--------+-----+--------+
         Total |   3683 |   3562 |    121 |    493 |   2221 |   5 |  736.6 |
       Dungeon |   3352 |   3264 |     88 |    493 |   1937 |   4 |  838.0 |
        Temple |    331 |    298 |     33 |      0 |    284 |   1 |  331.0 |
               +--------+--------+--------+--------+--------+-----+--------+

Top non-repeatable levels by time:
     D:3: 1413 daAuts
     D:2: 1089 daAuts
     D:1: 519 daAuts
  Temple: 331 daAuts
     D:4: 329 daAuts
